 Dungeon Crawl Stone Soup version 0.29-a0-1009-g60c99734e7 (webtiles) character file.

Game seed: 14386632428150357723

171 nickcage the Cudgeller (level 5, -1/45 HPs)
             Began as a Minotaur Monk on Aug 8, 2022.
             Slain by a gnoll
             ... wielding a +0 spear
              (2 damage)
             ... on level 3 of the Dungeon.
             The game lasted 00:04:01 (2583 turns).

nickcage the Cudgeller (Minotaur Monk)              Turns: 2583, Time: 00:04:02

Health: -1/45      AC:  9    Str: 18    XL:     5   Next: 26%
Magic:  4/4        EV:  8    Int:  7    God:
Gold:   139        SH:  0    Dex: 12    Spells: 4/4 levels left

rFire   . . .      SeeInvis .   a - +0 mace
rCold   . . .      Faith    .   (no shield)
rNeg    . . .      Spirit   .   d - +0 chain mail
rPois   .          Reflect  .   (helmet restricted)
rElec   .          Harm     .   (no cloak)
rCorr   .          Rampage  .   j - +0 pair of gloves
Will    .....                   (no boots)
Stlth   ..........              (no amulet)
HPRegen 0.15/turn               (no ring)
MPRegen 0.09/turn               (no ring)

@: no status effects
A: horns 2, retaliatory headbutt
a: no special abilities


You were on level 3 of the Dungeon.
You visited 1 branch of the dungeon, and saw 3 of its levels.

You collected 139 gold pieces.

Inventory:

Hand Weapons
 a - a +0 mace (weapon)
Missiles
 h - 3 poisoned darts (quivered)
 n - 3 boomerangs
Armour
 b - a +0 robe
 d - a +0 chain mail (worn)
 f - a +0 ring mail
 j - a +0 pair of gloves (worn)
Scrolls
 g - a scroll of amnesia {unknown}
 k - a scroll of vulnerability {unknown}
 l - 2 scrolls of poison {unknown}
 m - 4 scrolls of identify {unknown}
Potions
 c - a potion of ambrosia
 e - 3 potions of curing {unknown}
 i - a potion of degeneration {unknown}
 o - a potion of resistance {unknown}
 p - a potion of might {unknown}
 q - a potion of flight {unknown}


   Skills:
 - Level 3.6 Fighting
 + Level 7.2 Maces & Flails
 - Level 0.1 Throwing
 - Level 3.2 Dodging
 - Level 1.5 Stealth


You had 4 spell levels left.
You didn't know any spells.
Your spell library was empty.

Dungeon Overview and Level Annotations

Branches:
Dungeon (3/15)

Altars:


Innate Abilities, Weirdness & Mutations

You have a pair of horns on your head.
You reflexively headbutt those who attack you in melee.


Message History

The gnoll hits you from afar with a +0 spear!
You hit the gnoll.
The gnoll is almost dead.
You kill the gnoll!
The gnoll hits you from afar with a +0 spear.
The gnoll hits you but does no damage. The gnoll hits you with a +0 club.
You hit the gnoll. Your headbutt misses the gnoll.
The gnoll is lightly wounded.
The gnoll barely misses you.
You sock the gnoll! Your headbutt misses the gnoll.
The gnoll is severely wounded.
The gnoll hits you from afar with a +0 spear.
The gnoll barely misses you.
You hit the gnoll.
The gnoll is almost dead.
The gnoll hits you but does no damage. The gnoll closely misses you.
You hit the gnoll.
You kill the gnoll!
The gnoll barely misses you.
The gnoll hits you from afar with a +0 spear.
* * * LOW HITPOINT WARNING * * *
The gnoll hits you with a +0 spear.
* * * LOW HITPOINT WARNING * * *
Things that are here:
a +0 club; a gnoll corpse You hit the gnoll.
Your headbutt misses the gnoll.
The gnoll is moderately wounded.
The gnoll hits you but does no damage. x2
You closely miss the gnoll.
The gnoll is moderately wounded.
The gnoll closely misses you.
The gnoll hits you from afar with a +0 spear.
* * * LOW HITPOINT WARNING * * *
You barely miss the gnoll.
The gnoll is moderately wounded.
The gnoll hits you with a +0 spear.
* * * LOW HITPOINT WARNING * * *
The gnoll hits you from afar with a +0 spear.
You die...

###.### #.# ########
####.# #.. .......# #....#
##. .......# #.#########.
.......#######........###
.....+.....'........'..
...###.#.#........###
(..####.###.#.#.......†###
..(...(gg@..#.#........'..
....###.#####.#........###
# #.. #..########### #.#.
#.. #..... ....# ##.
#.#### .## # .. .:


You could see 2 gnolls.

Vanquished Creatures
  Jessica (D:3)
  Terence (D:2)
  2 gnolls (D:3)
  An adder (D:2)
  A worm (D:2)
  A dart slug (D:2)
  5 orcs (D:3)
  6 bats
  5 endoplasms
  5 giant cockroaches
  3 goblins
  6 hobgoblins
  8 jackals
  6 quokkas
  5 ball pythons
  3 frilled lizards
  7 kobolds
  12 rats
78 creatures vanquished.

Notes
Turn   | Place    | Note
-------+----------+-------------------------------------------
     0 | D:1      | nickcage the Minotaur Monk began the quest for the Orb.
     0 | D:1      | Reached XP level 1. HP: 19/19 MP: 0/0
   184 | D:1      | Reached skill level 4 in Maces & Flails
   192 | D:1      | Reached XP level 2. HP: 18/26 MP: 1/1
   455 | D:1      | Reached skill level 5 in Maces & Flails
   482 | D:1      | Reached XP level 3. HP: 28/31 MP: 2/2
   810 | D:1      | Found a faded altar of an unknown god.
  1150 | D:2      | Identified the +1 robe "Ibopibynk" {Dex+4}
  1648 | D:2      | Noticed Terence
  1659 | D:2      | Killed Terence
  1660 | D:2      | Reached skill level 6 in Maces & Flails
  1660 | D:2      | Reached XP level 4. HP: 6/39 MP: 3/3
  2493 | D:3      | Noticed Jessica
  2497 | D:3      | Killed Jessica
  2498 | D:3      | Reached skill level 7 in Maces & Flails
  2498 | D:3      | Reached XP level 5. HP: 45/45 MP: 4/4
  2583 | D:3      | HP: 1/45 [gnoll/+0 spear (4)]
  2583 | D:3      | Slain by a gnoll

Illustrated notes

Levels and vault maps discovered:
D:1:      onia_arrival_mini_maze, layout_loops_cross,
          dilly_ecumenical_altar_fadedgnrine
D:2:      layout_basic, grunt_ministairs_7, uniq_terence
D:3:      layout_basic, uniq_jessica

Skill      XL: |  1  2  3  4 |
---------------+-------------+-----
Maces & Flails | 4 5 6 7 |  7.2
Fighting       | |  3.6
Throwing       | |  0.1
Dodging        | |  3.2
Stealth        | |  1.5

Action                   |  1- 3 |  4- 6 || total
-------------------------+-------+-------++-------
Melee: Mace              |   104 |    52 ||   156
       Headbutt          |    19 |     4 ||    23
Throw: Dart              |     3 |     3 ||     6
Armor: Chain mail        |    48 |    30 ||    78
Dodge: Dodged            |    38 |    27 ||    65

Table legend: (Time is in decaauts)
 A = Elapsed time spent in this place.
 B = Non-inter-level travel time spent in this place.
 C = Inter-level travel time spent in this place.
 D = Time resting spent in this place.
 E = Time spent auto-exploring this place.
 F = Levels seen in this place.
 G = Mean time per level.
                   A        B        C        D        E       F      G
               +--------+--------+--------+--------+--------+-----+--------+
         Total |   2600 |   2494 |    106 |    385 |   1707 |   3 |  866.7 |
       Dungeon |   2600 |   2494 |    106 |    385 |   1707 |   3 |  866.7 |
               +--------+--------+--------+--------+--------+-----+--------+

Top non-repeatable levels by time:
     D:1: 1042 daAuts
     D:2: 1032 daAuts
     D:3: 525 daAuts
